 Dungeon Crawl Stone Soup version 0.18.1-5-g4a78601 (webtiles) character file.

504 IcyTea the Cudgeler (level 7, -6/41 HPs)
             Began as a Gargoyle Fighter on May 9, 2016.
             Was an Initiate of Nemelex Xobeh.
             Mangled by Menkaure (17 damage)
             ... on level 4 of the Dungeon.
             The game lasted 00:21:40 (3868 turns).

IcyTea the Cudgeler (Gargoyle Fighter)              Turns: 3868, Time: 00:21:41

Health: -6/41      AC: 17    Str: 22    XL:     7   Next: 17%
Magic:  7/7        EV:  4    Int:  8    God:    Nemelex Xobeh [......]
Gold:   131        SH: 11    Dex:  9    Spells: 0 memorised, 6 levels left

rFire  + . .     SeeInvis .     a - +0 flail
rCold  . . .     Gourm    .     o - +0 plate armour
rNeg   + . .     Faith    .     c - +2 shield
rPois  ∞         Spirit   .     d - +0 helmet
rElec  +         Dismiss  .     (no cloak)
rCorr  .         Reflect  .     (no gloves)
SustAt .         Harm     .     (no boots)
MR     .....                    (no amulet)
Stlth  ..........               (no ring)
                                g - ring of protection from fire

@: not resistant to hostile enchantments, extremely unstealthy
A: negative energy resistance 1, electricity resistance, unbreathing,
petrification resistance, rot immunity, AC +4
a: Renounce Religion


You were on level 4 of the Dungeon.
You worshipped Nemelex Xobeh.
Nemelex Xobeh was noncommittal.
You were hungry.

You visited 1 branch of the dungeon, and saw 4 of its levels.
You also visited: Sewer.

You collected 131 gold pieces.

Inventory:

Hand Weapons
 a - a +0 flail (weapon)
Armour
 c - a +2 shield (worn)
 d - a +0 helmet (worn)
 o - a +0 plate armour (worn)
Jewellery
 g - a ring of protection from fire (left hand)
Wands
 i - a wand of flame (14/48)
 m - a wand of enslavement (8/24)
Scrolls
 b - a scroll of noise
 e - 4 scrolls of identify
 h - 2 scrolls of teleportation
 t - a scroll of fear
 u - a scroll of enchant armour
Potions
 j - 2 potions of cancellation
 l - 2 potions of brilliance
 p - a potion of curing
Books
 r - a book of Fire

   Spells                             Type                      Level
   a - Ignite Poison                  Fire/Transmutation/Poison    3
   b - Fireball                       Conjuration/Fire             5
   c - Bolt of Fire                   Conjuration/Fire             6
   d - Delayed Fireball               Conjuration/Fire             7
   e - Ring of Flames                 Charms/Fire                  7
Miscellaneous
 q - a plain deck of war
Comestibles
 f - 2 bread rations
 n - 5 slices of pizza
 w - a beef jerky


   Skills:
 - Level 3.2 Fighting
 + Level 7.6 Maces & Flails
 - Level 3.2 Armour
 - Level 3.2 Shields


You had 6 spell levels left.
You didn't know any spells.

Dungeon Overview and Level Annotations

Branches:
Dungeon (4/15)
 Temple: D:4-7

Altars:
Ashenzari
Dithmenos
Fedhas
Nemelex Xobeh
Okawaru
Sif Muna
Trog
Xom
The Shining One

Annotations:
D:4 Menkaure


Innate Abilities, Weirdness & Mutations

You are resistant to torment.
Your stone body is resilient (AC +4).
You are immune to poison.
You resist negative energy.
You are resistant to electric shocks.
You can survive without breathing.
You are immune to petrification.
You are immune to rotting.


Message History

You sock Menkaure!
Menkaure is heavily damaged.
You block Menkaure's attack.
You hit Menkaure.
Menkaure is heavily damaged.
You block Menkaure's attack.
You hit Menkaure.
Menkaure is severely damaged.
You barely miss Menkaure.
Menkaure is severely damaged.
You block Menkaure's attack.
You hit Menkaure but do no damage.
Menkaure is severely damaged.
Menkaure hits you!
* * * LOW HITPOINT WARNING * * *
You hit Menkaure.
Menkaure is severely damaged.
Menkaure hits you!
You die...
Your body disappears without a glow.

#.###(###### #.# #.#
#.# #.# #.# #.# ####.#
#.## #.)..# #..#
#.#### ##)# #.# #)#
#@# #.# #M# #.# #.#
#.# ****#.#*****#.#
*,,,...,,,,*#.#
*,**#.#***,*#.########
*,* #.# *,*#........#
*,* #.# *,*########.#
*,* #>* *,* #....


You could see Menkaure.

Vanquished Creatures
  Purgy (Sewer)
  A phantom (D:4)
  An orc wizard (D:4)
  Natasha (thrice) (D:2)
  Robin (D:2)
  6 adders
  5 gnolls (D:2)
  A worm (D:2)
  3 dart slugs (D:1)
  8 orcs
  6 bats
  8 giant cockroaches
  16 goblins
  9 hobgoblins
  7 jackals
  12 kobolds
  4 giant newts
  4 rats
96 creatures vanquished.

Notes
Turn   | Place    | Note
--------------------------------------------------------------
     0 | D:1      | IcyTea the Gargoyle Fighter began the quest for the Orb.
     0 | D:1      | Reached XP level 1. HP: 14/14 MP: 1/1
    65 | D:1      | Reached XP level 2. HP: 17/19 MP: 2/2
   207 | D:1      | Reached skill level 3 in Maces & Flails
   340 | D:1      | Reached XP level 3. HP: 15/23 MP: 3/3
   732 | D:2      | Reached skill level 4 in Maces & Flails
   736 | D:2      | Reached XP level 4. HP: 15/28 MP: 4/4
  1340 | D:2      | Noticed Robin
  1371 | D:2      | Killed Robin
  1514 | D:2      | Noticed Natasha
  1526 | D:2      | Killed Natasha
  1526 | D:2      | Reached skill level 5 in Maces & Flails
  1526 | D:2      | Reached XP level 5. HP: 29/32 MP: 5/5
  1649 | D:2      | Found a bloodstained altar of Trog.
  1799 | D:2      | Noticed Natasha
  1817 | D:2      | Killed Natasha
  2256 | D:2      | Noticed Natasha
  2285 | D:2      | Killed Natasha
  2444 | D:3      | Reached skill level 6 in Maces & Flails
  2529 | D:3      | Found a shattered altar of Ashenzari.
  2596 | D:3      | Found a shadowy altar of Dithmenos.
  2698 | D:3      | Reached XP level 6. HP: 37/37 MP: 6/6
  3189 | D:3      | Found a glowing golden altar of the Shining One.
  3191 | D:3      | Found a shimmering altar of Xom.
  3191 | D:3      | Found a shadowy altar of Dithmenos.
  3191 | D:3      | Found a sparkling altar of Nemelex Xobeh.
  3192 | D:3      | Found a blossoming altar of Fedhas.
  3193 | D:3      | Found a deep blue altar of Sif Muna.
  3195 | D:3      | Found an iron altar of Okawaru.
  3200 | D:3      | Became a worshipper of Nemelex Xobeh the Trickster
  3275 | D:4      | Received a gift from Nemelex Xobeh
  3322 | D:4      | Found a glowing drain.
  3368 | Sewer    | Entered a sewer
  3442 | Sewer    | Noticed Purgy
  3459 | Sewer    | Killed Purgy
  3574 | D:4      | Reached skill level 7 in Maces & Flails
  3624 | D:4      | Noticed a phantom
  3661 | D:4      | Killed a phantom
  3661 | D:4      | Reached XP level 7. HP: 29/41 MP: 7/7
  3858 | D:4      | Noticed Menkaure
  3868 | D:4      | Mangled by Menkaure

Skill      XL: |  1  2  3  4  5  6 |
---------------+-------------------+-----
Maces & Flails | 3 4 5 6 7 |  7.6
Fighting       | |  3.2
Armour         | |  3.2
Shields        | |  3.2

Action                   |  1- 3 |  4- 6 |  7- 9 || total
-------------------------+-------+-------+-------++-------
Melee: Flail             |    97 |   292 |    48 ||   437
  Use: Scroll            |       |    12 |     1 ||    13
       Potion            |       |     9 |       ||     9
  Eat: Chunk             |       |    10 |       ||    10
Armor: Scale mail        |    59 |       |       ||    59
       Chain mail        |     7 |    95 |       ||   102
       Plate armour      |       |   100 |    16 ||   116
Dodge: Dodged            |    24 |    46 |     6 ||    76
Block: Shield            |    52 |   145 |    19 ||   216
